 Dungeon Crawl Stone Soup version 0.19.0-1-g5985abe (webtiles) character file.

885 Gorglomux the Slinger (level 8, -1/54 HPs)
             Began as a Halfling Hunter on Nov 1, 2016.
             Slain by Edmund
             ... wielding a +5 dire flail of draining
              (2 damage)
             ... on level 5 of the Dungeon on Nov 2, 2016.
             The game lasted 00:15:17 (4693 turns).

Gorglomux the Slinger (Halfling Hunter)             Turns: 4693, Time: 00:15:18

Health: -1/54      AC:  5    Str: 11 (13) XL:     8   Next: 26%
Magic:  8/8        EV: 12    Int:  8 (9)  God:
Gold:   131        SH:  0    Dex: 17      Spells: 0 memorised, 7 levels left

rFire  . . .     SeeInvis .     b - +0 short sword
rCold  . . .     Gourm    .     c - +0 leather armour
rNeg   . . .     Faith    .     (shield restricted)
rPois  +         Spirit   .     (no helmet)
rElec  .         Reflect  .     (no cloak)
rCorr  .         Harm     .     w - +1 pair of gloves
MR     .....                    (no boots)
Stlth  +.........               (no amulet)
                                (no ring)
                                o - ring of poison resistance

@: heavily drained
A: mutation resistance 1
a: no special abilities


You were on level 5 of the Dungeon.
You were very hungry.

You visited 1 branch of the dungeon, and saw 5 of its levels.

You collected 131 gold pieces.

Inventory:

Hand Weapons
 a - a +1 hunting sling
 b - a +0 short sword (weapon)
Missiles
 d - 7 sling bullets
 h - 76 stones (quivered)
Armour
 c - a +0 leather armour (worn)
 w - a +1 pair of gloves (worn)
Jewellery
 o - a ring of poison resistance (left hand)
Wands
 q - a wand of teleportation (4/9)
Scrolls
 g - a scroll of fog {unknown}
 i - 2 scrolls of remove curse {unknown}
 j - 2 scrolls of teleportation {unknown}
 l - 2 scrolls of blinking {unknown}
 m - a scroll of fear {unknown}
 t - a scroll of enchant armour {unknown}
 u - 2 scrolls of identify {unknown}
 v - 3 scrolls of noise {unknown}
 y - 2 scrolls of immolation {unknown}
Potions
 n - a potion of might
 p - a potion of agility {unknown}
 s - a potion of cure mutation {unknown}
 x - a potion of resistance {unknown}
 A - a potion of haste {unknown}
 B - 2 potions of curing
 C - 3 potions of degeneration
 D - a potion of ambrosia {unknown}
Comestibles
 f - 4 bread rations
 k - a slice of pizza


   Skills:
 + Level 4.9(2.4) Fighting
 * Level 11.6(8.7) Slings
 - Level 2.1(0.0) Dodging
 - Level 1.1(0.0) Stealth


You had 7 spell levels left.
You didn't know any spells.

Dungeon Overview and Level Annotations

Branches:
Dungeon (5/15)
 Temple: D:4-7

Altars:
Cheibriados

Annotations:
D:5 Edmund


Innate Abilities, Weirdness & Mutations

You are small and have problems with some larger weapons.
You are somewhat resistant to further mutation.


Message History

Edmund is heavily wounded.
Edmund hits you with a dire flail of draining!
* * * LOW HITPOINT WARNING * * *
You feel drained.
* * * LOW HITPOINT WARNING * * *
You are too injured to fight recklessly!
You hit Edmund but do no damage.
Edmund is heavily wounded.
Edmund hits you with a dire flail of draining.
* * * LOW HITPOINT WARNING * * *
You feel drained.
You closely miss Edmund.
Edmund is heavily wounded.
Edmund hits you but does no damage.
You feel drained.
You hit Edmund but do no damage.
Edmund is heavily wounded.
Edmund hits you with a dire flail of draining.
* * * LOW HITPOINT WARNING * * *
You feel drained.
You die...

....###.###.#..###
##.........?..#
####..........##.##
.)............<....#
.......>..........#....
................###....
.....#...>......# .
...............@#
............##.@####...
#....................
#.............####...
#.........##).#
###.......##(## #
#.......##[# .#.
#.......##.# ...#
#.......##.#
#...##.......[..###


You could see Edmund.

Vanquished Creatures
  Grinder (D:5)
  Eustachio (D:5)
  Blork the orc (D:4)
  A bullfrog zombie (D:5)
  2 hounds
  An orc priest (D:3)
  5 orc wizards
  An iguana (D:4)
  2 worker ants (D:4)
  A hound skeleton (D:4)
  A gnoll (D:1)
  4 adders
  An adder skeleton (D:5)
  A worm (D:4)
  3 dart slugs
  4 leopard geckos
  4 orcs
  11 bats
  A giant cockroach (D:2)
  6 goblins
  4 hobgoblins
  A quokka (D:2)
  7 frilled lizards
  6 kobolds
  A leopard gecko skeleton (D:4)
  13 rats
84 creatures vanquished.

Notes
Turn   | Place    | Note
-------+----------+-------------------------------------------
     0 | D:1      | Gorglomux the Halfling Hunter began the quest for the Orb.
     0 | D:1      | Reached XP level 1. HP: 14/14 MP: 1/1
   106 | D:1      | Reached skill level 6 in Slings
   132 | D:1      | Reached XP level 2. HP: 19/19 MP: 2/2
   466 | D:1      | Reached XP level 3. HP: 2/24 MP: 3/3
  1094 | D:2      | Reached skill level 7 in Slings
  1094 | D:2      | Reached XP level 4. HP: 24/30 MP: 4/4
  1911 | D:3      | Reached XP level 5. HP: 25/36 MP: 5/5
  2030 | D:3      | Upgraded the game from 0.19.0 to 0.19.0-1-g5985abe
  2324 | D:3      | Reached skill level 8 in Slings
  2681 | D:3      | Reached XP level 6. HP: 22/42 MP: 6/6
  3091 | D:4      | Reached skill level 9 in Slings
  3639 | D:4      | Noticed Blork the orc
  3653 | D:4      | Killed Blork the orc
  3664 | D:4      | Reached XP level 7. HP: 35/47 MP: 7/7
  3749 | D:4      | Found a snail-covered altar of Cheibriados.
  4001 | D:5      | Entered Level 5 of the Dungeon
  4006 | D:5      | Reached skill level 10 in Slings
  4074 | D:5      | Noticed Grinder
  4142 | D:5      | Paralysed by Grinder for 5 turns
  4150 | D:5      | Killed Grinder
  4150 | D:5      | Reached skill level 11 in Slings
  4191 | D:5      | Noticed Eustachio
  4538 | D:5      | Killed Eustachio
  4538 | D:5      | Reached XP level 8. HP: 52/54 MP: 8/8
  4666 | D:5      | Noticed Edmund
  4693 | D:5      | HP: 1/54 [Edmund/dire flail of draining (6)]
  4693 | D:5      | Slain by Edmund

Skill      XL: |  1  2  3  4  5  6  7 |
---------------+----------------------+-----
Fighting       | 2 3 4 |  4.9
Slings         | 6 7 8 9 11 | 11.6
Dodging        | |  2.1
Stealth        | |  1.1

Action                   |  1- 3 |  4- 6 |  7- 9 || total
-------------------------+-------+-------+-------++-------
Melee: Short sword       |    18 |    67 |    55 ||   140
 Fire: Hunting sling     |    66 |   135 |   108 ||   309
  Use: Potion            |       |       |     5 ||     5
 Stab: Sleeping          |     1 |       |       ||     1
  Eat: Chunk             |       |     7 |     2 ||     9
       Pizza             |       |       |     1 ||     1
Armor: Leather armour    |     5 |    13 |    21 ||    39
       Skin              |       |       |    12 ||    12
Dodge: Dodged            |    20 |    55 |    81 ||   156
